 Dungeon Crawl Stone Soup version 0.20-a0-463-g5747544 (webtiles) character file.

30 Queen the Slasher (level 3, -1/46 HPs)
             Began as a Draconian Berserker on Jan 11, 2017.
             Was a Follower of Trog.
             Succumbed to an adder's poison
             ... on level 2 of the Dungeon.
             The game lasted 00:02:44 (943 turns).

Queen the Slasher (Draconian Berserker)              Turns: 943, Time: 00:02:45

Health: -1/46      AC: 21    Str: 19    XL:     3   Next: 5%
Magic:  3/3        EV:  2    Int: 12    God:    Trog [*.....]
Gold:   65         SH:  0    Dex: 11    Spells: 2/2 levels left

rFire  . . .     SeeInvis .     a - +0 falchion
rCold  . . .     Gourm    .     (armour unavailable)
rNeg   + + +     Faith    .     (no shield)
rPois  +         Spirit   .     (helmet currently unavailable)
rElec  .         Reflect  .     (cloak currently unavailable)
rCorr  .         Harm     .     (gloves currently unavailable)
MR     .....     NoTele   +     (boots currently unavailable)
Stlth  +.........               (no amulet)
                                (no ring)
                                (no ring)

@: brilliant, lethally poisoned (-1 -> -15), tree-form, invisible
A: unfitting armour, (cold-blooded), AC +5
a: Berserk, Burn Spellbooks, Renounce Religion


You were on level 2 of the Dungeon.
You worshipped Trog.
Trog was aware of your devotion.
You were not hungry.
You were a tree.
You visited 1 branch of the dungeon, and saw 2 of its levels.

You collected 65 gold pieces.

Inventory:

Hand Weapons
 a - a +0 falchion (weapon)
Scrolls
 e - a scroll of fog {unknown}
 h - 2 scrolls of identify {unknown}
 i - a scroll of remove curse {unknown}
 j - a scroll of amnesia {unknown}
 l - a scroll of teleportation {unknown}
Potions
 k - a potion of cancellation {unknown}
 m - a potion of haste {unknown}
Comestibles
 b - a bread ration
 c - 5 chunks of flesh


   Skills:
 - Level 3.2 Fighting
 + Level 4.2 Long Blades
 - Level 2.6 Dodging


You had 2 spell levels left.
You didn't know any spells.

Dungeon Overview and Level Annotations

Branches:
Dungeon (2/15)

Altars:


Innate Abilities, Weirdness & Mutations

((Your plain brown scales are hard. (AC +5)))
You cannot fit into any form of body armour.
((You are cold-blooded and may be slowed by cold attacks.))


Message History

* * * LOW HITPOINT WARNING * * *
You feel sick. The adder bites you.
* * * LOW HITPOINT WARNING * * *
It was a potion of lignification.
You turn into a tree.
Your roots penetrate the ground.
* * * LOW HITPOINT WARNING * * *
You feel sick. The adder bites you.
* * * LOW HITPOINT WARNING * * *
The adder bites you but does no damage.
Drop what? 12/52 slots (_ for help) (? for menu, Esc to quit)
Okay, then.
It was a potion of brilliance.
You feel clever all of a sudden.
* * * LOW HITPOINT WARNING * * *
You feel sick. The adder barely misses you.
You riposte.
You barely miss the adder.
The adder is heavily wounded.
It was a potion of invisibility.
You fade into invisibility!
You die...

............ ....
..#.#.##...##....
.....##......... ####
.....#......... ##...##
#..#........#
#########.#<.........#
###...###.....#......#
##...S.####.####.....#
#.....♣.#...###......##
#.#####..#####.....†÷.#
#........# #.........
########.# #.........
#.# ##..##.... #.#
#...#.... #.# ###......
#.### #........
#...####...#....


You could see an adder.

Vanquished Creatures
  2 dart slugs (D:1)
  2 leopard geckos
  2 bats (D:1)
  4 goblins
  4 hobgoblins (D:1)
  2 jackals (D:1)
  4 kobolds (D:1)
  2 rats (D:1)
22 creatures vanquished.

Vanquished Creatures (others)
  A giant cockroach (D:1)
1 creature vanquished.

Grand Total: 23 creatures vanquished

Notes
Turn   | Place    | Note
-------+----------+-------------------------------------------
     0 | D:1      | Queen the Draconian Berserker began the quest for the Orb.
     0 | D:1      | Reached XP level 1. HP: 19/19 MP: 1/1
   240 | D:1      | Reached XP level 2. HP: 15/26 MP: 2/2
   429 | D:1      | Reached skill level 4 in Long Blades
   885 | D:2      | Reached XP level 3. HP: 31/31 MP: 3/3
   941 | D:2      | HP: 2/46 [adder (1)]
   943 | D:2      | Succumbed to an adder's poison

Vault maps used:
D:1:      dpeg_arrival_water_fire, lemuel_flame_loot_1
D:2:      first_bread, kennysheep_nub, kennysheep_decorative_pillar

Skill      XL: |  1  2 |
---------------+-------+-----
Long Blades    | 4 |  4.2
Fighting       | |  3.2
Dodging        | |  2.6

Action                   || total
-------------------------++-------
Melee: Falchion          ||    52
       Tailslap          ||     6
Invok: Berserk           ||     1
  Use: Potion            ||     3
  Eat: Chunk             ||     1
Armor: Skin              ||    22
Dodge: Dodged            ||    34
       Rpst.: Falchion   ||    13
